[Event "ICC Open 2015"]
[Site "Internet Chess Club"]
[Date "2015.05.29"]
[Round "1"]
[White "Silvo"]
[Black "rovov"]
[Result "1-0"]
[ICCResult "Black forfeits on time"]
[WhiteElo "2385"]
[BlackElo "1632"]
[Opening "QGD Slav: 3.Nf3"]
[ECO "D11"]
[NIC "QP.09"]
[Time "19:01:40"]
[TimeControl "180+0"]

1. Nf3 d5 2. d4 c6 3. c4 Nf6 4. Qc2 dxc4 5. Qxc4 Bf5 6. Nc3 e6 7. Bg5 Be7 8.
Bxf6 Bxf6 9. e4 Bg6 10. Rd1 O-O 11. Be2 Nd7 12. O-O Nb6 13. Qb3 Qc7 14. a4
a5 15. Rc1 Nd7 16. e5 Be7 17. d5 Nxe5 18. dxe6 Nxf3+ 19. Bxf3 fxe6 20. Qxe6+
Kh8 21. Nd5 Qd8 22. Nxe7 Rf6 23. Nxg6+ Rxg6 24. Qh3 Qf6 25. Kh1 Rf8 26. Rce1
Rh6 27. Qg3 Rg6 28. Qe5 Qh4 29. Re4 Qf6 30. Qxf6 Rgxf6 31. h3 g5 32. Rfe1 h5
33. Re8 g4 34. Rxf8+ Rxf8 35. hxg4 hxg4 36. Bxg4 Rxf2 37. Re2 Rxe2 38. Bxe2
Kg7 39. Kh2 Kf6 40. Kg3 Ke5 41. b3 b5 42. axb5 cxb5 43. Bxb5 Kd4 44. Ba4
{Black forfeits on time}
1-0

[Event "ICC Open 2015"]
[Site "Internet Chess Club"]
[Date "2015.05.29"]
[Round "1"]
[White "El-Flippo"]
[Black "ChessNakas"]
[Result "0-1"]
[ICCResult "White forfeits on time"]
[WhiteElo "1324"]
[BlackElo "2089"]
[Opening "French defense"]
[ECO "C00"]
[NIC "FR.01"]
[Time "19:01:59"]
[TimeControl "180+0"]

1. e4 e6 2. Nf3 d5 3. e5 c5 4. c4 d4 5. d3 Nc6 6. Bf4 Qc7 7. g4 Nge7 8. Qe2
Ng6 9. Bg3 h5 10. gxh5 Rxh5 11. Nxd4 Nxd4 12. Qxh5 Nc2+ 13. Kd2 Nxa1 14. Nc3
Bd7 15. Be2 Nb3+ 16. axb3 Qb6 17. Kc2 O-O-O 18. Ra1 a6 19. Bf3 Be7 20. Qh3
Rh8 21. Qg2 Kc7 22. Na4 Bxa4 23. Rxa4 Bf8 24. Be4 Nh4 25. Qh1 Kc8 26. f4 Nf5
27. Bf2 Rh3 28. b4 Nd4+ 29. Bxd4 cxd4 30. c5 Qc7 31. Kb3 f5 32. Qg2 fxe4 33.
Qxh3 e3 {White forfeits on time} 0-1

[Event "ICC Open 2015"]
[Site "Internet Chess Club"]
[Date "2015.05.29"]
[Round "1"]
[White "Abbas-Child"]
[Black "StarShip32"]
[Result "0-1"]
[ICCResult "White resigns"]
[WhiteElo "1286"]
[BlackElo "2069"]
[Opening "Scandinavian (center counter) defense"]
[ECO "B01"]
[NIC "VO.17"]
[Time "19:03:07"]
[TimeControl "180+0"]

1. e4 d5 2. exd5 Qxd5 3. d4 Nc6 4. Nf3 Bg4 5. c3 Bxf3 6. Qxf3 Qxf3 7. gxf3
O-O-O 8. Bg2 Nf6 9. O-O e6 10. Bg5 Be7 11. Bxf6 Bxf6 12. f4 Ne7 13. Nd2 Ng6
14. Ne4 Be7 15. Ng5 Rdf8 16. Nh3 Bd6 17. a4 Nxf4 18. Nxf4 Bxf4 19. a5 h5 20.
b4 h4 21. b5 h3 22. Bh1 Rh5 23. f3 Be3+ 24. Rf2 Rxb5 25. a6 Rb2 26. axb7+
Kxb7 27. f4+ c6 28. Rf1 a5 29. Bf3 a4 {White resigns} 0-1

[Event "ICC Open 2015"]
[Site "Internet Chess Club"]
[Date "2015.05.29"]
[Round "1"]
[White "chabotheking"]
[Black "holderlin"]
[Result "1-0"]
[ICCResult "Black resigns"]
[WhiteElo "2349"]
[BlackElo "1615"]
[Opening "Sicilian: closed"]
[ECO "B23"]
[NIC "SI.44"]
[Time "19:08:11"]
[TimeControl "180+0"]

1. e4 c5 2. Nc3 g6 3. f4 Bg7 4. Nf3 e6 5. d4 cxd4 6. Nxd4 a6 7. Be3 Ne7 8.
Be2 O-O 9. Qd2 d5 10. e5 Nbc6 11. O-O-O Nxd4 12. Bxd4 Nf5 13. g4 Nxd4 14.
Qxd4 f6 15. Rhf1 fxe5 16. fxe5 Rxf1 17. Rxf1 Qg5+ 18. Kb1 Qxe5 19. Qf2 Kh8
20. Qf7 d4 21. Qe8+ {Black resigns} 1-0

[Event "ICC Open 2015"]
[Site "Internet Chess Club"]
[Date "2015.05.29"]
[Round "2"]
[White "saya"]
[Black "HaraldEskilstu"]
[Result "1-0"]
[ICCResult "Black resigns"]
[WhiteElo "2567"]
[BlackElo "2015"]
[Opening "Dutch"]
[ECO "A87"]
[NIC "HD.06"]
[Time "19:12:54"]
[TimeControl "180+0"]

1. d4 f5 2. Nf3 Nf6 3. g3 g6 4. Bg2 Bg7 5. O-O O-O 6. c4 d6 7. b4 Qe8 8. Bb2
Nh5 9. Qb3 e5 10. dxe5 dxe5 11. Nc3 e4 12. Ne1 Nc6 13. Nc2 Be6 14. Nd5 Bxd5
15. cxd5 Bxb2 16. dxc6+ {Black resigns} 1-0

[Event "ICC Open 2015"]
[Site "Internet Chess Club"]
[Date "2015.05.29"]
[Round "2"]
[White "xionoula"]
[Black "aplusk"]
[Result "0-1"]
[ICCResult "White resigns"]
[WhiteElo "2184"]
[BlackElo "2817"]
[Opening "Queen's pawn, Mason variation"]
[ECO "D00"]
[NIC "QP.08"]
[Time "19:12:33"]
[TimeControl "180+0"]

1. d4 d5 2. Bf4 c6 3. e3 Nf6 4. Nf3 Qb6 5. Qc1 Bf5 6. c4 e6 7. Nc3 Nbd7 8.
c5 Qa5 9. Be2 b6 10. cxb6 axb6 11. O-O Be7 12. Ne5 Nxe5 13. Bxe5 O-O 14. Qd2
Rfc8 15. Bd3 Bxd3 16. Qxd3 c5 17. b3 Nd7 18. Bg3 cxd4 19. Nb5 Nc5
{White resigns}
0-1

[Event "ICC Open 2015"]
[Site "Internet Chess Club"]
[Date "2015.05.29"]
[Round "2"]
[White "playformaximum"]
[Black "Sertoespj"]
[Result "1-0"]
[ICCResult "Black resigns"]
[WhiteElo "3007"]
[BlackElo "2303"]
[Opening "QGD: semi-Slav, Marshall gambit"]
[ECO "D31"]
[NIC "SL.06"]
[Time "19:13:22"]
[TimeControl "180+0"]

1. d4 d5 2. c4 e6 3. Nc3 c6 4. e4 dxe4 5. Nxe4 Nf6 6. Nxf6+ gxf6 7. Nf3 Be7
8. Bd3 Nd7 9. O-O f5 10. Re1 Nf6 11. Qe2 b6 12. Ne5 h5 13. Nxc6 Qc7 14. d5
Kf8 15. Nxe7 Qxe7 16. Bg5 Bd7 17. Qe5 {Black resigns} 1-0

[Event "ICC Open 2015"]
[Site "Internet Chess Club"]
[Date "2015.05.29"]
[Round "2"]
[White "QiWang"]
[Black "blackjack721"]
[Result "1-0"]
[ICCResult "Black checkmated"]
[WhiteElo "1917"]
[BlackElo "1392"]
[Opening "QGD: Grau (Sahovic) defense"]
[ECO "D06"]
[NIC "QP.08"]
[Time "19:12:40"]
[TimeControl "180+0"]

1. d4 d5 2. c4 Bf5 3. cxd5 Nf6 4. Nc3 e6 5. dxe6 fxe6 6. Nf3 Bb4 7. e3 Nc6
8. Bd2 Qe7 9. a3 Ba5 10. Bb5 O-O-O 11. b4 Bxb4 12. axb4 Nxb4 13. O-O a5 14.
Rxa5 Na6 15. Bxa6 bxa6 16. Rxa6 Nd5 17. Qa4 Kb8 18. Ra8+ Kb7 19. Qa6#
{Black checkmated}
1-0

[Event "ICC Open 2015"]
[Site "Internet Chess Club"]
[Date "2015.05.29"]
[Round "2"]
[White "Gambit101"]
[Black "want2win"]
[Result "1-0"]
[ICCResult "Black resigns"]
[WhiteElo "3100"]
[BlackElo "2362"]
[Opening "Nimzovich-Larsen attack: modern variation"]
[ECO "A01"]
[NIC "VO.08"]
[Time "19:12:49"]
[TimeControl "180+0"]

1. b3 e5 2. Bb2 Nc6 3. e3 d6 4. Nf3 Nf6 5. c4 Be6 6. Be2 Be7 7. O-O Qd7 8.
d4 exd4 9. exd4 d5 10. Nc3 O-O-O 11. Ne5 Nxe5 12. dxe5 Ne4 13. Nxd5 Bxd5 14.
cxd5 Qxd5 15. Bg4+ Kb8 16. Qxd5 Rxd5 17. Bf3 Rd2 18. Bc1 Rd4 19. Be3 Rhd8
20. Bxd4 Rxd4 21. Bxe4 Rxe4 22. Rfe1 Rg4 23. Rad1 Kc8 24. e6 f6 25. Rd7 Bd6
26. Rxd6 cxd6 27. e7 {Black resigns} 1-0

[Event "ICC Open 2015"]
[Site "Internet Chess Club"]
[Date "2015.05.29"]
[Round "2"]
[White "ncc-1701"]
[Black "mhb"]
[Result "1-0"]
[ICCResult "Black resigns"]
[WhiteElo "2056"]
[BlackElo "2564"]
[Opening "Nimzo-Indian: three knights variation"]
[ECO "E21"]
[NIC "NI.28"]
[Time "19:12:46"]
[TimeControl "180+0"]

1. d4 Nf6 2. c4 e6 3. Nc3 Bb4 4. Nf3 O-O 5. a3 Bxc3+ 6. bxc3 b6 7. Qc2 Ba6
8. e3 d5 9. Qa2 Nc6 10. Bd3 Na5 11. O-O Bxc4 12. Bxc4 Nxc4 13. Nd2 Nxd2 14.
Bxd2 c5 15. Rab1 Rc8 16. h3 Ne4 17. Rfc1 Nxd2 18. Qxd2 cxd4 19. cxd4 Qd7 20.
Qb4 h6 21. Qb2 Rxc1+ 22. Rxc1 Rc8 23. Kh2 Rc7 24. Rxc7 Qxc7+ 25. g3 Qc4 26.
Kg2 b5 27. Qd2 Qa4 28. Qc3 Qxa3 29. Qxa3 h5 30. Qxa7 h4 31. Qb6 hxg3 32.
fxg3 b4 33. Qxb4 Kh7 34. Qe7 Kg6 35. g4 {Black resigns} 1-0

[Event "ICC Open 2015"]
[Site "Internet Chess Club"]
[Date "2015.05.29"]
[Round "2"]
[White "Nightlife"]
[Black "lemanofzorn"]
[Result "1-0"]
[ICCResult "Black checkmated"]
[WhiteElo "1863"]
[BlackElo "1464"]
[Opening "Caro-Kann: two knights variation"]
[ECO "B11"]
[NIC "CK.01"]
[Time "19:13:13"]
[TimeControl "180+0"]

1. e4 c6 2. Nc3 d5 3. Nf3 dxe4 4. Nxe4 Bg4 5. h3 Bh5 6. Ng3 Bxf3 7. Qxf3 e6
8. Bc4 Nf6 9. O-O Nbd7 10. Re1 Qc7 11. d4 c5 12. d5 O-O-O 13. dxe6 fxe6 14.
Bxe6 c4 15. Bf4 Bd6 16. Bxd6 Qxd6 17. Nf5 Qb4 18. Bxc4 Qxc4 19. Nd6+ Kb8 20.
Qxb7# {Black checkmated} 1-0

[Event "ICC Open 2015"]
[Site "Internet Chess Club"]
[Date "2015.05.29"]
[Round "2"]
[White "ShadowLike"]
[Black "kava"]
[Result "1-0"]
[ICCResult "Black disconnected and forfeits"]
[WhiteElo "2306"]
[BlackElo "2895"]
[Opening "Sicilian: Smith-Morra gambit"]
[ECO "B21"]
[NIC "SI.47"]
[Time "19:13:04"]
[TimeControl "180+0"]

1. e4 c5 2. d4 cxd4 3. c3 Nf6 4. e5 Nd5 5. Nf3 d6 6. Bc4 Nb6 7. Bb3 Nc6 8.
exd6 Qxd6 9. Na3 Be6 10. Nb5 Qd7 11. Bf4 Rc8 12. Nbxd4
{Black disconnected and forfeits}
1-0

[Event "ICC Open 2015"]
[Site "Internet Chess Club"]
[Date "2015.05.29"]
[Round "2"]
[White "eltigrecu"]
[Black "manitodeplomo"]
[Result "0-1"]
[ICCResult "White resigns"]
[WhiteElo "2060"]
[BlackElo "2629"]
[Opening "Trompowsky attack (Ruth, Opocenský opening)"]
[ECO "A45"]
[NIC "QP.07"]
[Time "19:12:25"]
[TimeControl "180+0"]

1. d4 Nf6 2. Bg5 c5 3. Bxf6 gxf6 4. d5 d6 5. c4 f5 6. Qc2 Bg7 7. Nc3 O-O 8.
e3 e6 9. Bd3 Nd7 10. Nf3 Ne5 11. Nxe5 dxe5 12. dxe6 fxe6 13. O-O e4 14. Be2
Qe7 15. Rad1 Bd7 16. Rd2 Rfd8 17. Rfd1 Be8 18. h3 Bf6 19. f3 exf3 20. gxf3
Kh8 21. f4 Bc6 22. Rxd8+ Rxd8 23. Rxd8+ Qxd8 24. Qd1 Qg8+ 25. Kf1 Qg3 26.
Qd6 Bg2+ 27. Kg1 Bxh3+ {White resigns} 0-1

[Event "ICC Open 2015"]
[Site "Internet Chess Club"]
[Date "2015.05.29"]
[Round "2"]
[White "Shadeath"]
[Black "playwaycool"]
[Result "1-0"]
[ICCResult "Black resigns"]
[WhiteElo "2922"]
[BlackElo "2264"]
[Opening "Nimzovich-Larsen attack: classical variation"]
[ECO "A01"]
[NIC "VO.08"]
[Time "19:12:55"]
[TimeControl "180+0"]

1. b3 d5 2. Bb2 c6 3. f4 Nd7 4. Nf3 Ngf6 5. g3 g6 6. Bg2 Bg7 7. O-O O-O 8.
e3 Ne4 9. Bxg7 Kxg7 10. d3 Nef6 11. Qe2 Re8 12. e4 dxe4 13. dxe4 e5 14. f5
Nc5 15. fxg6 hxg6 16. Nbd2 Ne6 17. c3 Nc5 18. Rad1 Qd3 19. Qf2 b6 20. Nxe5
Qd6 21. Ndc4 Qe7 22. Nxc6 Ng4 23. Qd4+ {Black resigns} 1-0

[Event "ICC Open 2015"]
[Site "Internet Chess Club"]
[Date "2015.05.29"]
[Round "2"]
[White "croder"]
[Black "spanner63"]
[Result "1-0"]
[ICCResult "Black resigns"]
[WhiteElo "1546"]
[BlackElo "1835"]
[Opening "Vienna game"]
[ECO "C25"]
[NIC "VG.04"]
[Time "19:12:15"]
[TimeControl "180+0"]

1. e4 e5 2. Nc3 Bc5 3. d3 Nc6 4. Nf3 d6 5. Bg5 Qd7 6. Be3 Nf6 7. Qd2 a6 8.
O-O-O b5 9. Bxc5 dxc5 10. Kb1 O-O 11. h3 Re8 12. g4 Nd4 13. Nxd4 cxd4 14.
Ne2 c5 15. g5 Nh5 16. Bg2 Qd6 17. Bf3 Nf4 18. Nxf4 exf4 19. h4 Bb7 20. e5
Qc7 21. Bxb7 Qxb7 22. Qxf4 Qd5 23. Rhe1 Re6 24. Re4 Rae8 25. Rde1 a5 26. Qg3
{Black resigns}
1-0

[Event "ICC Open 2015"]
[Site "Internet Chess Club"]
[Date "2015.05.29"]
[Round "2"]
[White "MythBulletChess"]
[Black "kevinice"]
[Result "0-1"]
[ICCResult "White resigns"]
[WhiteElo "1554"]
[BlackElo "1889"]
[Opening "Sicilian: Kan, 5.Nc3"]
[ECO "B43"]
[NIC "SI.41"]
[Time "19:13:11"]
[TimeControl "180+0"]

1. e4 c5 2. Nf3 e6 3. d4 cxd4 4. Nxd4 a6 5. Nc3 Qc7 6. a4 Nf6 7. Bd3 Nc6 8.
Nf3 Bc5 9. b3 Ng4 10. Be3 Nxe3 11. fxe3 Bxe3 12. Qe2 Bc5 13. Rd1 Qa5 14. Qd2
Bb4 {White resigns} 0-1

[Event "ICC Open 2015"]
[Site "Internet Chess Club"]
[Date "2015.05.29"]
[Round "2"]
[White "franco"]
[Black "Oblique"]
[Result "0-1"]
[ICCResult "White resigns"]
[WhiteElo "1316"]
[BlackElo "1727"]
[Opening "Queen's pawn game"]
[ECO "D00"]
[NIC "QP.08"]
[Time "19:12:53"]
[TimeControl "180+0"]

1. d4 d5 2. e3 e6 3. Bd3 f5 4. Nd2 Nf6 5. f4 c6 6. Ngf3 Be7 7. O-O b6 8. c4
Ba6 9. Qe2 O-O 10. cxd5 Bxd3 11. Qxd3 exd5 12. Ne5 Ne4 13. Nxe4 fxe4 14. Qe2
c5 15. Bd2 cxd4 16. exd4 Bf6 17. Bc3 Nd7 18. Qg4 Bxe5 19. fxe5 Qe7 20. Rxf8+
Rxf8 21. Rf1 Rxf1+ 22. Kxf1 Qf7+ 23. Ke2 Nf8 24. Ke3 Ne6 25. Qf4 Nxf4
{White resigns}
0-1

[Event "ICC Open 2015"]
[Site "Internet Chess Club"]
[Date "2015.05.29"]
[Round "2"]
[White "ultramagic1"]
[Black "olimpioMD"]
[Result "1/2-1/2"]
[ICCResult "White stalemated"]
[WhiteElo "1824"]
[BlackElo "1421"]
[Opening "Scandinavian defense"]
[ECO "B01"]
[NIC "SD.03"]
[Time "19:13:01"]
[TimeControl "180+0"]

1. e4 d5 2. exd5 Nf6 3. Nc3 Nxd5 4. Nxd5 Qxd5 5. Nf3 Nc6 6. d4 Bg4 7. Be3
Bxf3 8. gxf3 e5 9. dxe5 Qxd1+ 10. Rxd1 Nxe5 11. Be2 Rd8 12. Rxd8+ Kxd8 13.
Kd2 b6 14. Kc3 c5 15. Rd1+ Kc7 16. Bf4 f6 17. Re1 Be7 18. Bd3 Rd8 19. Kd2 c4
20. Bxe5+ fxe5 21. Rxe5 Bf6 22. Re4 cxd3 23. Rc4+ Kb7 24. cxd3 Rd4 25. Rc1
Rb4 26. b3 a5 27. Re1 a4 28. bxa4 Rxa4 29. Ke3 Bg5+ 30. Ke2 Rxa2+ 31. Kf1 h6
32. Re2 Ra1+ 33. Re1 Rxe1+ 34. Kxe1 Kc6 35. Ke2 Kd5 36. Kd1 Kd4 37. Kc2 b5
38. Kb3 Kxd3 39. Kb4 Ke2 40. Kxb5 Kxf3 41. Kc5 Kxf2 42. Kd5 Kg2 43. Ke4 Kxh2
44. Kf5 Bf6 45. Kg6 Kg3 46. Kh5 Kf4 47. Kg6 Ke5 48. Kh5 Kf5 {White
stalemated} 1/2-1/2

[Event "ICC Open 2015"]
[Site "Internet Chess Club"]
[Date "2015.05.29"]
[Round "2"]
[White "cristoforo"]
[Black "supermonkey"]
[Result "0-1"]
[ICCResult "White resigns"]
[WhiteElo "1432"]
[BlackElo "1841"]
[Opening "Queen's pawn game"]
[ECO "A45"]
[NIC "QP.07"]
[Time "19:13:41"]
[TimeControl "180+0"]

1. d4 Nf6 2. e3 g6 3. Bd3 Bg7 4. Nd2 O-O 5. f4 d6 6. Ngf3 Nc6 7. c3 e5 8.
Bc2 exf4 9. exf4 Re8+ 10. Kf2 Ng4+ 11. Kg3 Ne3 12. Qg1 Nxc2 13. Rb1 Bf5 14.
Nh4 Bd3 15. Ndf3 N2xd4 16. Nxd4 Nxd4 17. cxd4 Bxb1 18. Be3 Qe7 {White
resigns} 0-1

[Event "ICC Open 2015"]
[Site "Internet Chess Club"]
[Date "2015.05.29"]
[Round "2"]
[White "Knight83"]
[Black "Mormegil"]
[Result "0-1"]
[ICCResult "White resigns"]
[WhiteElo "1323"]
[BlackElo "1740"]
[Opening "French: exchange variation"]
[ECO "C01"]
[NIC "FR.01"]
[Time "19:12:35"]
[TimeControl "180+0"]

1. e4 e6 2. d4 d5 3. exd5 exd5 4. Nf3 c6 5. Be2 Bg4 6. O-O Bd6 7. h3 Bh5 8.
Be3 Ne7 9. c3 O-O 10. Nbd2 Qb6 11. Qc2 Nd7 12. Rfe1 Nf6 13. a4 Bg6 14. Qc1
Rfe8 15. Nh4 Nf5 16. Ndf3 Nxe3 17. fxe3 Bg3 18. Nxg6 hxg6 19. Rf1 Ne4 20.
Nd2 Rad8 21. Nxe4 Rxe4 22. Rf3 Bb8 23. a5 Qc7 24. Qc2 Qh2+ 25. Kf1 Qh1+
{White resigns}
0-1

[Event "ICC Open 2015"]
[Site "Internet Chess Club"]
[Date "2015.05.29"]
[Round "2"]
[White "LooneyBinJim"]
[Black "krankenstein"]
[Result "1-0"]
[ICCResult "Black resigns"]
[WhiteElo "1705"]
[BlackElo "1063"]
[Opening "Philidor's defense"]
[ECO "C41"]
[NIC "KP.08"]
[Time "19:12:34"]
[TimeControl "180+0"]

1. e4 e5 2. Nf3 d6 3. d4 a6 4. dxe5 dxe5 5. Qxd8+ Kxd8 6. Nxe5 Bd6 7. Nxf7+
Ke7 8. Nxh8 Be6 9. Nc3 Nf6 10. Bd3 Nc6 11. O-O Rxh8 12. Bg5 Ne5 13. Nd5+ Kf7
14. Nxf6 gxf6 15. Be3 Nxd3 16. cxd3 c5 17. Rac1 h5 18. Bxc5 Bxc5 19. Rxc5 b6
20. Rc7+ Kg6 21. Rc6 Bxa2 22. Rxb6 a5 23. f4 a4 24. f5+ Kg5 25. Rf3 Rc8 26.
h3 Rc1+ 27. Kh2 h4 28. Rb7 Kh6 29. Rf4 Bb3 30. Rxh4+ Kg5 31. Rg4+ Kh6 32.
Rg6+ {Black resigns} 1-0

[Event "ICC Open 2015"]
[Site "Internet Chess Club"]
[Date "2015.05.29"]
[Round "2"]
[White "chesstempo2"]
[Black "blackending"]
[Result "1-0"]
[ICCResult "Black resigns"]
[WhiteElo "1951"]
[BlackElo "1625"]
[Opening "King's Indian: East Indian defense"]
[ECO "A48"]
[NIC "QP.06"]
[Time "19:12:10"]
[TimeControl "180+0"]

1. d4 Nf6 2. Nf3 g6 3. e3 Bg7 4. b3 O-O 5. Bb2 d6 6. c4 Nbd7 7. Nc3 Re8 8.
Be2 c6 9. O-O e5 10. d5 cxd5 11. cxd5 a5 12. Ba3 Nc5 13. Rc1 b6 14. Bb5 Bd7
15. Bxd7 Qxd7 16. Qe2 Rac8 17. Rfd1 Nfe4 18. Nxe4 Nxe4 19. Qb2 f5 20. Nd2
Nxd2 21. Qxd2 e4 22. Bb2 Bxb2 23. Qxb2 Qg7 24. Qa3 Qe5 25. Qa4 Kg7 26. Qb5
f4 27. Rxc8 Rxc8 28. Qd7+ {Black resigns} 1-0

[Event "ICC Open 2015"]
[Site "Internet Chess Club"]
[Date "2015.05.29"]
[Round "2"]
[White "EpicEffects"]
[Black "Sebs"]
[Result "0-1"]
[ICCResult "White checkmated"]
[WhiteElo "2300"]
[BlackElo "2969"]
[Opening "KGA: bishop's gambit, Jaenisch variation"]
[ECO "C33"]
[NIC "KG.03"]
[Time "19:12:24"]
[TimeControl "180+0"]

1. e4 e5 2. f4 exf4 3. Bc4 Nf6 4. Nc3 c6 5. d4 d5 6. exd5 cxd5 7. Bb3 Bd6 8.
Nge2 O-O 9. O-O g5 10. h4 h6 11. g3 Qd7 12. Bxf4 gxf4 13. Nxf4 Nc6 14. Ncxd5
Nxd5 15. Nxd5 Qh3 16. Nf6+ Kh8 17. Rf3 Bxg3 18. Qd3 Qh2+ 19. Kf1 Bh3#
{White checkmated}
0-1

[Event "ICC Open 2015"]
[Site "Internet Chess Club"]
[Date "2015.05.29"]
[Round "2"]
[White "Capaman"]
[Black "Machinegun"]
[Result "0-1"]
[ICCResult "White resigns"]
[WhiteElo "2013"]
[BlackElo "2568"]
[Opening "Sicilian: Richter-Rauzer, Larsen variation"]
[ECO "B60"]
[NIC "SI.27"]
[Time "19:12:23"]
[TimeControl "180+0"]

1. e4 c5 2. Nf3 d6 3. d4 cxd4 4. Nxd4 Nf6 5. Nc3 Nc6 6. Bg5 Bd7 7. f4 h6 8.
Bxf6 gxf6 9. Qd2 Rg8 10. O-O-O Nxd4 11. Qxd4 f5 12. e5 dxe5 13. fxe5 a6 14.
Bc4 Rg4 15. Qd3 Qc7 16. Rhe1 Rxc4 17. Nd5 Qc5 18. Nb6 Rxc2+ 19. Kb1 Rxb2+
20. Kxb2 Qxb6+ 21. Ka1 Bb5 22. Qb3 Bg7 23. a4 Qa5 24. Rd4 Qxe1+ {White
resigns} 0-1

[Event "ICC Open 2015"]
[Site "Internet Chess Club"]
[Date "2015.05.29"]
[Round "2"]
[White "NRafacz"]
[Black "OuttaShape"]
[Result "0-1"]
[ICCResult "White resigns"]
[WhiteElo "1457"]
[BlackElo "2127"]
[Opening "French: exchange variation"]
[ECO "C01"]
[NIC "FR.01"]
[Time "19:13:01"]
[TimeControl "180+0"]

1. e4 e6 2. d4 d5 3. exd5 exd5 4. Nc3 Bb4 5. Nf3 Bg4 6. Bd3 Nc6 7. O-O Nxd4
8. Be3 Nxf3+ 9. gxf3 Be6 10. Bf4 Bxc3 11. bxc3 Ne7 12. Re1 O-O 13. Rb1 b6
14. Bg5 Qd6 15. Re3 Nf5 16. Bxf5 Bxf5 17. Rb5 c6 18. Rb4 h6 19. Bf4 Qg6+ 20.
Bg3 Rfe8 21. Qd4 c5 {White resigns} 0-1

[Event "ICC Open 2015"]
[Site "Internet Chess Club"]
[Date "2015.05.29"]
[Round "2"]
[White "BlitzorDDD"]
[Black "Psycho-Cowboy"]
[Result "1-0"]
[ICCResult "Black resigns"]
[WhiteElo "3170"]
[BlackElo "2400"]
[Opening "Réti v Dutch"]
[ECO "A04"]
[NIC "QP.11"]
[Time "19:12:37"]
[TimeControl "180+0"]

1. Nf3 f5 2. d4 e6 3. Bg5 Be7 4. Bxe7 Qxe7 5. Nbd2 Nf6 6. c3 O-O 7. Qc2 d6
8. e4 e5 9. Bc4+ Kh8 10. dxe5 dxe5 11. O-O-O b5 12. Bxb5 c6 13. Bd3 f4 14.
Nc4 Bg4 15. Ncxe5 Bh5 16. Bc4 Nbd7 17. Nxd7 Nxd7 18. Be2 Bxf3 19. gxf3 Ne5
20. Rd4 Rab8 21. Rhd1 Qh4 22. Qd2 Qxf2 23. Rd6 Qxh2 24. Re6 Qh5 25. Qd6 Nxf3
26. Re7 Qh2 27. Rb7 Rbe8 28. Bxf3 Qf2 29. Qd4 Qg3 30. Rg1 {Black resigns}
1-0

[Event "ICC Open 2015"]
[Site "Internet Chess Club"]
[Date "2015.05.29"]
[Round "2"]
[White "fearlessone"]
[Black "rookfish"]
[Result "1-0"]
[ICCResult "Black forfeits on time"]
[WhiteElo "1701"]
[BlackElo "1066"]
[Opening "Van't Kruijs opening"]
[ECO "A00"]
[Time "19:12:46"]
[TimeControl "180+0"]

1. e3 e5 2. Ne2 Nc6 3. d3 Nge7 4. Nd2 f5 5. g3 Ng6 6. Bg2 Be7 7. O-O O-O 8.
b4 d5 9. a3 Be6 10. Bb2 Bf6 11. Nf3 e4 12. Nfd4 Bg5 13. Nxe6 Qe7 14. Nxf8
Rxf8 15. dxe4 fxe4 16. Qxd5+ Kh8 17. Qxe4 Qd6 18. Rad1 Qe7 19. Qxe7 Ngxe7
20. Nf4 Bxf4 21. exf4 Nf5 22. Bxc6 b6 23. Be4 Re8 24. Bxf5 Rc8 25. Bxc8
{Black forfeits on time}
1-0

[Event "ICC Open 2015"]
[Site "Internet Chess Club"]
[Date "2015.05.29"]
[Round "2"]
[White "born2die"]
[Black "BlueGreen"]
[Result "0-1"]
[ICCResult "White resigns"]
[WhiteElo "1694"]
[BlackElo "2674"]
[Opening "King's gambit"]
[ECO "C30"]
[NIC "KG.05"]
[Time "19:12:14"]
[TimeControl "180+0"]

1. e4 e5 2. f4 Nc6 3. Nf3 d6 4. d3 Nf6 5. h3 exf4 6. Bxf4 d5 7. e5 Nh5 8.
Bh2 d4 9. Be2 Bc5 10. O-O g6 11. Nbd2 f5 12. exf6 Nxf6 13. Ng5 O-O 14. Bf3
Bf5 15. Nde4 Be7 16. g4 Nxe4 17. Nxe4 Bxe4 18. Bxe4 Bd6 19. Qe2 Qg5 20. Bxc6
bxc6 21. Qe6+ Kg7 22. Qd7+ Kh6 23. Qxc6 Qe3+ 24. Kh1 Qxh3 25. Qg2 Qxg2+ 26.
Kxg2 Bxh2 27. Kxh2 Kg5 28. Kg3 Rxf1 29. Rxf1 Re8 30. Rh1 Re3+ 31. Kf2 Re7
32. Kf3 h6 33. c3 Re3+ 34. Kf2 Rxd3 35. cxd4 Rd2+ 36. Ke3 Rxb2 37. Rc1 Kxg4
38. Rxc7 Rxa2 39. d5 Kf5 40. Re7 h5 41. d6 Kf6 42. Re4 Ra3+ 43. Kd2 Ra2+ 44.
Ke3 Ra1 45. d7 Re1+ 46. Kd3 Rd1+ {White resigns} 0-1

[Event "ICC Open 2015"]
[Site "Internet Chess Club"]
[Date "2015.05.29"]
[Round "2"]
[White "Discoverchess"]
[Black "Cramagica"]
[Result "1-0"]
[ICCResult "Black forfeits on time"]
[WhiteElo "2467"]
[BlackElo "1219"]
[Opening "KP: Patzer opening"]
[ECO "C20"]
[NIC "KP.10"]
[Time "19:12:50"]
[TimeControl "180+0"]

1. e4 e5 2. Qh5 Nc6 3. Bc4 Qe7 4. Nc3 Nf6 5. Qd1 a6 6. Nf3 g6 7. O-O Bg7 8.
d4 exd4 9. Nxd4 O-O 10. Nxc6 dxc6 11. Re1 Be6 12. Bxe6 Qxe6 13. Bg5 Rad8 14.
Qe2 b5 15. a3 Qc4 16. e5 Qxe2 17. Rxe2 Nd5 18. Bxd8 Nxc3 19. bxc3 Rxd8 20.
f4 c5 21. a4 b4 22. cxb4 cxb4 23. Rb1 a5 24. Kf2 c5 25. Ke3 c4 26. Rd2 Rxd2
27. Kxd2 Bh6 28. Ke3 c3 29. Rd1 Kf8 30. g4 {Black forfeits on time} 1-0

[Event "ICC Open 2015"]
[Site "Internet Chess Club"]
[Date "2015.05.29"]
[Round "2"]
[White "yaguaro"]
[Black "yummy2"]
[Result "0-1"]
[ICCResult "White resigns"]
[WhiteElo "2074"]
[BlackElo "2654"]
[Opening "Benko's opening"]
[ECO "A00"]
[NIC "VO.09"]
[Time "19:13:07"]
[TimeControl "180+0"]

1. g3 d5 2. Bg2 c6 3. d3 Bg4 4. h3 Bh5 5. Nd2 e6 6. Rh2 Bd6 7. Rh1 Nd7 8.
Ngf3 Ne7 9. c4 O-O 10. b3 f6 11. Bb2 e5 12. e4 dxc4 13. dxc4 Nc5 14. Qe2 Bc7
15. Kf1 Qd3 16. g4 Bf7 17. Rd1 Rfd8 18. Kg1 Qxe2 {White resigns} 0-1

[Event "ICC Open 2015"]
[Site "Internet Chess Club"]
[Date "2015.05.29"]
[Round "2"]
[White "noyb"]
[Black "ILYMJPDL"]
[Result "1/2-1/2"]
[ICCResult "Game drawn by repetition"]
[WhiteElo "1718"]
[BlackElo "1974"]
[Opening "King's Indian: Torre attack"]
[ECO "A48"]
[NIC "QP.01"]
[Time "19:12:50"]
[TimeControl "180+0"]

1. d4 Nf6 2. Nf3 g6 3. Bg5 Bg7 4. Nbd2 O-O 5. e4 d6 6. Bc4 Bg4 7. h3 Bxf3 8.
Qxf3 Nc6 9. c3 h6 10. Bh4 g5 11. Bg3 e5 12. dxe5 Nxe5 13. Bxe5 dxe5 14. Rd1
Qe7 15. O-O Rad8 16. Rfe1 c6 17. Nf1 b5 18. Bb3 Nd7 19. Ne3 Nc5 20. Nf5 Qf6
21. Qe3 Nxb3 22. axb3 a5 23. Qb6 Ra8 24. Qc7 Rfd8 25. Ne7+ Kh7 26. Nxc6 Rdc8
27. Qb7 Qxc6 28. Qxf7 Qf6 29. Qh5 Rf8 30. f3 Rad8 31. Qg4 Rxd1 32. Rxd1 Rd8
33. Rd7 Rxd7 34. Qxd7 Qb6+ 35. Kh2 Qc5 36. Qf5+ Kg8 37. Qe6+ Kh7 38. Qf5+
Kg8 39. Qe6+ Kf8 40. Qf5+ Ke7 41. Qg6 Kf8 42. Qf5+ Kg8 43. Qe6+
{Game drawn by repetition}
1/2-1/2